 Dungeon Crawl Stone Soup version 0.29.1-12-g30fa7ad0bf (webtiles) character file.

Game seed: 543686008396569938

6 ebene003 the Shield-Bearer (level 1, 0/20 HPs)
             Began as a Minotaur Fighter on Dec 20, 2022.
             Slain by a hobgoblin (1 damage)
             ... on level 1 of the Dungeon.
             The game lasted 00:00:30 (22 turns).

ebene003 the Shield-Bearer (Minotaur Fighter)         Turns: 22, Time: 00:00:31

Health: 0/20       AC:  7    Str: 20    XL:     1   Next: 75%
Magic:  0/0        EV:  9    Int:  5    God:
Gold:   0          SH:  4    Dex:  9    Spells: 0/0 levels left

rFire   . . .      SeeInvis .   a - +0 war axe
rCold   . . .      Faith    .   c - +0 buckler
rNeg    . . .      Spirit   .   b - +0 scale mail
rPois   .          Reflect  .   (helmet restricted)
rElec   .          Harm     .   (no cloak)
rCorr   .          Rampage  .   (no gloves)
Will    .....                   (no boots)
Stlth   ..........              (no amulet)
HPRegen 0.06/turn               (no ring)
MPRegen 0.07/turn               (no ring)

@: lethally poisoned (0 -> -5)
A: horns 2, retaliatory headbutt
a: no special abilities


You were on level 1 of the Dungeon.
You visited 1 branch of the dungeon, and saw 1 of its levels.

Inventory:

Hand Weapons
 a - a +0 war axe (weapon)
Armour
 b - a +0 scale mail (worn)
 c - a +0 buckler (worn)
Potions
 d - a potion of might
 e - a potion of curing {unknown}


   Skills:
 + Level 3.7 Fighting
 + Level 2.6 Axes
 + Level 3.7 Armour
 + Level 3.7 Shields


You couldn't memorise any spells.
You didn't know any spells.
Your spell library was empty.

Dungeon Overview and Level Annotations

Branches:
Dungeon (1/15)

Altars:


Innate Abilities, Weirdness & Mutations

You have a pair of horns on your head.
You reflexively headbutt those who attack you in melee.


Message History

You kill the bat!
The quokka twitches its whiskers.
A goblin comes into view.
It is wielding a +0 club and quivering poisoned darts.
The goblin shouts!
You slash the ball python!
You kill the ball python!
The goblin throws a poisoned dart.
You block the poisoned dart. The quokka barely misses you.
A hobgoblin comes into view.
The goblin throws a poisoned dart.
The poisoned dart hits you!
You are poisoned.
You feel sick. The quokka barely misses you.
The quokka bites you but does no damage.
You feel sick.
The hobgoblin shouts!
The quokka completely misses you.
You barely miss the quokka. Your headbutt misses the quokka.
You feel sick. The quokka bites you.
The goblin throws a poisoned dart.
The poisoned dart barely misses you.
You barely miss the quokka.
You feel sick. You block the quokka's attack.
The goblin throws a poisoned dart.
The poisoned dart hits you!
You are lethally poisoned!
The quokka barely misses you.
You hit the hobgoblin.
The hobgoblin is moderately wounded.
You hit the goblin. You closely miss the quokka.
* * * LOW HITPOINT WARNING * * *
You feel very sick. The quokka barely misses you. The hobgoblin hits you.
* * * LOW HITPOINT WARNING * * *
The goblin hits you but does no damage. The quokka barely misses you.
You furiously retaliate!
You headbutt the quokka.
You kill the quokka!
You completely miss the hobgoblin.
The hobgoblin is moderately wounded.
You barely miss the goblin.
* * * LOW HITPOINT WARNING * * *
You feel very sick. The goblin hits you but does no damage.
The hobgoblin hits you.
You die...

..# ### ..# ## ..#
....# #..###.# ....##
...#.###......
............
##........#? #
#.g@........
..#.##.g.....#.....
#..........(## ..[#
###........## #...#.
.. ##......†###.....#
#..
##.......##.....##...
##...................
#......).....#.....
#...........###..


You could see a hobgoblin and a goblin.

Vanquished Creatures
  A ball python (D:1)
  A bat (D:1)
  A kobold (D:1)
  A quokka (D:1)
  A rat (D:1)
5 creatures vanquished.

Notes
Turn   | Place    | Note
-------+----------+-------------------------------------------
     0 | D:1      | ebene003 the Minotaur Fighter began the quest for the Orb.
     0 | D:1      | Reached XP level 1. HP: 19/19 MP: 0/0
    22 | D:1      | HP: 1/20 [poisoned by a goblin]
    22 | D:1      | Slain by a hobgoblin

Illustrated notes

Levels and vault maps discovered:
D:1:      erik_arrival_blinker_ship, layout_rooms,
          shapermc_ecumenical_altar_starsandcircs, minmay_pentomino_z4

Action                   || total
-------------------------++-------
Melee: War axe           ||     7
Armor: Scale mail        ||     4
Dodge: Dodged            ||     9
Block: Buckler           ||     2
